 Dungeon Crawl Stone Soup version 0.20-b1-24-gb21faa7 (webtiles) character file.

22 Gorglomux the Shield-Bearer (level 2, -4/16 HPs)
             Began as a Vine Stalker Fighter on May 25, 2017.
             Slain by Sigmund
             ... wielding a +0 scythe
              (8 damage)
             ... on level 2 of the Dungeon.
             The game lasted 00:01:02 (691 turns).

Gorglomux the Shield-Bearer (Vine Stalker Fighter)   Turns: 691, Time: 00:01:03

Health: -4/16      AC:  7    Str: 18    XL:     2   Next: 91%
Magic:  0/3        EV:  7    Int:  8    God:
Gold:   73         SH:  9    Dex: 13    Spells: 1/1 levels left

rFire    . . .     SeeInvis .   a - +0 rapier
rCold    . . .     Gourm    .   c - +0 shield
rNeg     . . .     Faith    .   b - +0 scale mail
rPois    .         Spirit   +   (no helmet)
rElec    .         Reflect  .   n - +0 cloak
rCorr    .         Harm     .   (no gloves)
MR       .....                  (no boots)
Stlth    ..........             (no amulet)
Regen    0.1/turn               (no ring)
MPRegen  0.1/turn               (no ring)

@: lethally poisoned (-4 -> -18)
A: fangs 2, magic shield, antimagic bite, no potion heal 3, rot immunity
a: no special abilities


You were on level 2 of the Dungeon.
You were not hungry.

You visited 1 branch of the dungeon, and saw 2 of its levels.

You collected 73 gold pieces.

Inventory:

Hand Weapons
 a - a +0 rapier (weapon)
Armour
 b - a +0 scale mail (worn)
 c - a +0 shield (worn)
 n - a +0 cloak (worn)
   (You found it on level 2 of the Dungeon)
Jewellery
 g - an uncursed ring of see invisible {unknown}
   (You found it on level 1 of the Dungeon)
Scrolls
 e - a scroll of identify {unknown}
 i - a scroll of random uselessness {unknown}
 k - a scroll of teleportation {unknown}
 o - a scroll of remove curse {unknown}
Potions
 l - a potion of cancellation
Comestibles
 f - a bread ration {@e1}
 h - 2 royal jellies


   Skills:
 + Level 2.8 Fighting
 * Level 2.1 Short Blades
 + Level 2.6 Armour
 + Level 0.4 Dodging
 + Level 2.9 Shields


You had one spell level left.
You didn't know any spells.

Dungeon Overview and Level Annotations

Branches:
Dungeon (2/15)

Altars:

Annotations:
D:2 Sigmund


Innate Abilities, Weirdness & Mutations

You have extremely sharp teeth.
When hurt, damage is shared between your health and your magic reserves.
Your bite disrupts and absorbs the magic of your enemies.
Potions cannot restore your health.
You are immune to rotting.


Message History

You can't go down here!
Wear which item? (? for menu, Esc to quit)
You start putting on your armour.
You continue putting on your cloak. x4
You finish putting on your +0 cloak.
o - a scroll labeled EPLEREFEWK
Found a stone staircase leading up.
A giant cockroach comes into view.
A giant cockroach is nearby!
A kobold comes into view.
The kobold shouts!
A kobold comes into view. It is wielding an enchanted dagger.
The kobold shouts!
You hit the giant cockroach.
You kill the giant cockroach!
You hit the kobold.
You kill the kobold!
The kobold hits you but does no damage.
There is a stone staircase leading up here.
You hit the kobold but do no damage. You block the kobold's attack.
Your scale mail prevents you from hitting the kobold.
The kobold barely misses you.
You miss the kobold. The kobold hits you but does no damage.
You block the kobold's attack.
You hit the kobold but do no damage. Your bite misses the kobold.
The kobold barely misses you.
You hit the kobold.
You kill the kobold!
No target in view!
You see here an enchanted dagger.
A bat comes into view.
You block the bat's attack.
A bat is nearby!
A bat is nearby!
You hit the bat. The bat hits you but does no damage.
You miss the bat. Your bite misses the bat. The bat barely misses you.
The bat hits you but does no damage. You block the bat's attack.
You barely miss the bat. Your bite misses the bat. The bat closely misses you.
The bat completely misses you.
You barely miss the bat. Your bite misses the bat.
The bat hits you but does no damage.
You closely miss the bat. The bat hits you but does no damage.
The bat hits you but does no damage. x2
You hit the bat.
You kill the bat!
No target in view!
No target in view!
Search for what [? for help]? dagg You now have 73 gold pieces (gained 8).
Found a stone staircase leading down.
There is a fountain of clear blue water here.
A kobold comes into view.
The kobold shouts!
A kobold is nearby!
A goblin comes into view. It is wielding a club.
The kobold hits you but does no damage.
You puncture the kobold!
You kill the kobold!
You block the goblin's attack.
You closely miss the goblin. You block the goblin's attack.
You puncture the goblin!
You kill the goblin!
No target in view!
No target in view!
Items here: ( )) † a club; a runed hunting sling; 15 stones; a goblin corpse An adder and Sigmund come into view.
Sigmund shouts!
Found a meat ration.
Found a stone staircase leading down.
You feel very mighty all of a sudden.
It was a potion of cancellation.
Your magical effects are unravelling.
You feel magically purged.
You feel a little less mighty now. The adder bites you.
You are poisoned.
The adder poisons you!
Your shield and scale mail prevent you from hitting the adder.
Your bite misses the adder.
You feel sick. The adder bites you.
You are lethally poisoned!
The adder poisons you!
It was a potion of heal wounds.
That seemed strangely inert.
You feel sick. You block the adder's attack.
Sigmund hits you from afar with a scythe.
The adder bites you but does no damage.
Your shield and scale mail prevent you from hitting the adder.
You feel sick. You block the adder's attack. Sigmund completely misses you.
All of the chunks of flesh in your inventory have rotted away.
You miss the adder. You bite the adder. You drain its power.
You feel invigorated.
You feel sick. The adder bites you but does no damage.
You block the adder's attack. Sigmund completely misses you.
Your scale mail prevents you from hitting the adder.
You feel sick. The adder bites you.
* * * LOW HITPOINT WARNING * * *
You are more poisoned.
The adder poisons you!
Sigmund flickers, as though insubstantial.
Sigmund hits you from afar with a scythe!
Ouch! That really hurt!
You die...

...
.......)..................
.##
####....###########....#..
... #....# #.#...#. ..#
#....# #.#...#. .. #....##
#.#...#. ......#..#######
#.#...#. ..######.......#
..#...#. # %####...####.#
.(#...## .......@#
###...## ...####.S@..# #.
.. .##.>.... #. . ..
...... #. ... ###.# #.
#... . ## ..#. ## ....# #.
#.


You could see Sigmund and an adder.

Vanquished Creatures
  4 bats
  3 giant cockroaches
  A goblin (D:2)
  3 hobgoblins (D:1)
  2 jackals (D:1)
  A frilled lizard (D:1)
  4 kobolds
  3 rats (D:1)
21 creatures vanquished.

Notes
Turn   | Place    | Note
-------+----------+-------------------------------------------
     0 | D:1      | Gorglomux the Vine Stalker Fighter began the quest for the Orb.
     0 | D:1      | Reached XP level 1. HP: 11/11 MP: 2/2
   174 | D:1      | Reached XP level 2. HP: 16/16 MP: 3/3
   244 | D:1      | Reached skill level 2 in Short Blades
   684 | D:2      | Noticed Sigmund
   691 | D:2      | HP: 4/16 [adder (1)]
   691 | D:2      | Slain by Sigmund

Skill      XL: |  1  2 |
---------------+-------+-----
Short Blades   | 2 |  2.1
Fighting       | |  2.8
Armour         | |  2.6
Dodging        | |  0.4
Shields        | |  2.9

Action                   || total
-------------------------++-------
Melee: Rapier            ||    53
       Bite              ||    11
  Use: Potion            ||     3
Armor: Scale mail        ||    31
Dodge: Dodged            ||    14
Block: Shield            ||    24

Vault maps used:
D:1:      nicolae_arrival_memento_mori, kennysheep_boxes
D:2:      serial_corexii_hall, corexii_hall_statues_u, corexii_hall_statues_i,
          lemuel_blue_sif_altar, uniq_jessica, uniq_sigmund

Table legend:
 A = Turns spent in this place as a percentage of turns spent in the entire game.
 B = Non-inter-level travel turns spent in this place as a percentage of non-inter-level travel turns spent in the entire game.
 C = Inter-level travel turns spent in this place as a percentage of turns spent in this place.
 D = Turns resting spent in this place as a percentage of non-inter-level travel turns spent in this place.
 E = Turns spent auto-exploring this place as a percentage of non-inter-level travel turns spent in this place.
 F = Non-inter-level travel turns spent in this place divided by the number of levels of this place that you've seen.
                   A       B       C       D       E      F
               +-------+-------+-------+-------+-------+----------------------
         Total | 100.0 | 100.0 |   0.5 |   0.0 |  15.1 | 102.5
       Dungeon | 100.0 | 100.0 |   0.5 |   0.0 |  15.1 | 102.5
               +-------+-------+-------+-------+-------+----------------------

Table legend:
 A = Kills in this place as a percentage of kills in entire the game.
 B = Kills by you in this place as a percentage of kills by you in the entire game.
 C = Kills by friends in this place as a percentage of kills by friends in the entire game.
 D = Other kills in this place as a percentage of other kills in the entire game.
 E = Experience gained in this place as a percentage of experience gained in the entire game.
 F = Experience gained in this place divided by the number of levels of this place that you have seen.
                   A       B       C       D       E      F
               +-------+-------+-------+-------+-------+----------------------
         Total | 100.0 | 100.0 |  -nan |  -nan | 100.0 |  16.0
       Dungeon | 100.0 | 100.0 |  -nan |  -nan | 100.0 |  16.0
               +-------+-------+-------+-------+-------+----------------------
